 Dungeon Crawl Stone Soup version 0.29.1-2-gbd0b4ee654 (webtiles) character file.

Game seed: 10550079998122558893

6903 MisterFreud the Cruncher (level 11, -12/86 HPs)
             Began as a Formicid Gladiator on Oct 26, 2022.
             Was a Follower of Yredelemnul.
             Mangled by a titanic slime creature (32 damage)
             ... on level 9 of the Dungeon.
             The game lasted 00:14:12 (8120 turns).

MisterFreud the Cruncher (Formicid Gladiator)       Turns: 8120, Time: 00:14:13

Health: -12/86     AC: 17    Str: 22    XL:     11   Next: 27%
Magic:  17/17      EV: 11    Int:  7    God:    Yredelemnul [*.....]
Gold:   1785       SH:  8    Dex: 17    Spells: 10/10 levels left

rFire   . . .      SeeInvis +   a - +3 quarterstaff (protect)
rCold   . . .      Faith    .   C - +3 buckler
rNeg    + . .      Spirit   .   m - +2 plate armour {rPois}
rPois   +          Reflect  .   (helmet unavailable)
rElec   .          Harm     .   (no cloak)
rCorr   .          Rampage  .   u - +0 pair of gloves {hurl}
Will    +....                   (no boots)
Stlth   ..........              l - amulet of regeneration
HPRegen 1.04/turn               v - +4 ring of evasion
MPRegen 0.15/turn               D - ring of positive energy

@: no status effects
A: permanent stasis, dig shafts and tunnels, antennae 3, four strong arms
a: Dig, Shaft Self, Renounce Religion, Recall Undead Harvest


You were on level 9 of the Dungeon.
You worshipped Yredelemnul.
Yredelemnul was aware of your devotion.
You visited 2 branches of the dungeon, and saw 10 of its levels.
You also visited: Ossuary.

You collected 1923 gold pieces.
You spent 138 gold pieces at shops.

Inventory:

Hand Weapons
 a - a +3 quarterstaff of protection (weapon)
Missiles
 c - 4 throwing nets
 d - a javelin
 n - 3 datura-tipped darts
 r - 3 boomerangs (quivered)
Armour
 b - a +0 leather armour
 f - a +0 scale mail
 m - a +2 plate armour of poison resistance (worn)
 u - a +0 pair of gloves of hurling (worn)
 C - a +3 buckler (worn)
Jewellery
 h - a +6 ring of intelligence
 k - a ring of fire
 l - an amulet of regeneration (around neck)
 s - a ring of wizardry
 v - a +4 ring of evasion (left hand)
 D - a ring of positive energy (right hand)
Wands
 A - a wand of flame (34)
Scrolls
 e - a scroll of magic mapping
 i - 6 scrolls of immolation
 w - 2 scrolls of fear
 y - 2 scrolls of brand weapon
 J - 4 scrolls of identify
 K - a scroll of butterflies
 L - a scroll of enchant weapon
Potions
 g - 3 potions of heal wounds
 j - 3 potions of lignification
 o - a potion of magic {unknown}
 p - 3 potions of brilliance
 q - 2 potions of cancellation
 t - 5 potions of degeneration
 x - a potion of mutation {unknown}
 z - a potion of flight {unknown}
 B - 3 potions of attraction
 E - a potion of ambrosia {unknown}
 F - 3 potions of curing {unknown}
 G - a potion of berserk rage {unknown}
 H - a potion of resistance
Miscellaneous
 I - a piece from Xom's chessboard (15/15)


   Skills:
 + Level 8.3 Fighting
 - Level 10.0 Staves
 - Level 5.0 Throwing
 + Level 8.3 Armour
 - Level 2.6 Dodging
 - Level 4.0 Shields
 - Level 8.0 Invocations


You had 10 spell levels left.
You didn't know any spells.
Your spell library contained the following spells:

 Spells                   Type           Power      Damage    Failure   Level
 Apportation              Tloc           0%         N/A       100%        1
 Necrotise                Necr           0%         1d4       100%        1
 Slow                     Hex            0%         N/A       100%        1
 Summon Small Mammal      Summ           0%         N/A       100%        1
 Confusing Touch          Hex            0%         N/A       100%        3
 Lesser Beckoning         Tloc           0%         N/A       100%        3
 Portal Projectile        Hex/Tloc       0%         N/A       100%        3
 Tukima's Dance           Hex            0%         N/A       100%        3
 Vampiric Draining        Necr           0%         2d6       100%        3
 Blade Hands              Tmut           0%         N/A       100%        5
 Manifold Assault         Tloc           0%         N/A       100%        5
 Blink                    Tloc           Unusable   N/A       N/A         2

Dungeon Overview and Level Annotations

Branches:
Dungeon (9/15)             Temple (1/1) D:6         Ossuary (visited)
   Lair: D:8-11         Orc: D:9-12

Altars:
Ashenzari
Elyvilon
Fedhas
Gozag
Makhleb
Nemelex Xobeh
Okawaru
Qazlal
Ru
Sif Muna
Trog
Vehumet
Wu Jian
Xom
Yredelemnul
Zin
The Shining One

Shops:
D:3 (   D:4 [

Annotations:
D:4 exclusion: statue


Innate Abilities, Weirdness & Mutations

You cannot be hasted, slowed, berserked, paralysed or teleported.
You can dig through walls and to a lower floor.
You have a pair of large antennae on your head. (SInv)
Your four strong arms can wield two-handed weapons with a shield.


Message History

You hit the slime creature.
The slime creature is heavily wounded.
A titanic slime creature splits.
Your orc zombie hits the slime creature but does no damage.
The slime creature hits you.
Your steam dragon zombie barely misses the very large slime creature.
Your steam dragon zombie claws the very large slime creature but does no damage.
You sock the slime creature!
The slime creature is severely wounded.
You block the very large slime creature's attack.
The slime creature hits you.
Your orc zombie hits the very large slime creature.
Your orc priest zombie hits the very large slime creature.
You sock the slime creature!
The slime creature is almost dead.
A large slime creature splits.
The very large slime creature hits you!!!
Ouch! That really hurt!
* * * LOW HITPOINT WARNING * * *
The slime creature hits you but does no damage.
The slime creature attacks as you move away!
You block the slime creature's attack.
Your orc zombie hits the very large slime creature.
Your orc priest zombie barely misses the very large slime creature.
Your orc zombie hits the very large slime creature but does no damage.
Two slime creatures merge to form an enormous slime creature.
Two slime creatures merge to form a titanic slime creature.
The slime creature attacks as you move away!
The slime creature hits you.
* * * LOW HITPOINT WARNING * * *
The slime creature attacks as you move away!
The slime creature barely misses you.
The slime creature attacks as you move away!
You block the slime creature's attack.
Are you sure you want to shaft yourself?
You block the slime creature's attack.
You begin to dig a shaft.
You continue digging a shaft.
The slime creature barely misses you. The titanic slime creature hits you!!
You die...
Your body rises from the dead as a mindless zombie.

.........# #.....#
.###+#..Z# #.....#
#...#.ZZ# #.....#
#...#...# #.....#
#...#..Z#####.....#
#...#..{.ZZ.......####
###...#######Z.........#
............#..J.......#
.ZZ.........#..J@......#
.........####......#####
..Z.Z.(..#.........#
......Z?.#...#####.#
######...#...#...#.####
ZZ.Z.#...#...#...#....#
.Z...'...#...#...#....#
.....#...#...#...#Z...#
.....#...#...#...'Z...#


You could see a titanic slime creature, a slime creature (ally target), 2
friendly orc zombies and a friendly orc priest zombie.

Vanquished Creatures
  A two-headed ogre (D:8)
  Pikel (D:9)
  Prince Ribbit (D:5)
  A wyvern (D:8)
  2 steam dragons
  An acid dragon (D:9)
  2 water moccasins
  A sky beast (D:7)
  2 orc warriors
  A black bear (D:5)
  3 ice beasts
  3 ogres
  2 centaurs
  A phantom (D:4)
  An elf zombie (D:8)
  4 bullfrogs
  A gnoll sergeant (D:7)
  6 scorpions
  2 elf skeletons (D:8)
  5 wights (D:8)
  30 killer bees
  A howler monkey (D:6)
  2 hounds
  3 jellies
  4 orc priests
  A human skeleton (D:8)
  An iguana (D:5)
  3 orc wizards
  8 mummies (Ossuary)
  6 gnolls
  7 adders
  A shadow imp (D:6)
  3 worms (D:2)
  6 dart slugs
  20 orcs
  3 endoplasms
  6 giant cockroaches
  A gnoll zombie (Ossuary)
  7 goblins
  7 hobgoblins
  2 kobolds (D:2)
  5 quokkas
  5 ball pythons
  10 bats
  2 frilled lizards (D:2)
  3 hobgoblin zombies (Ossuary)
  2 kobold zombies (Ossuary)
  2 orc skeletons (D:8)
  2 orc zombies (Ossuary)
  28 rats
222 creatures vanquished.

Vanquished Creatures (collateral kills)
  Edmund (D:5)
  An ogre (D:6)
  A centaur (D:5)
  5 killer bees
  An orc wizard (D:6)
  2 gnolls
  6 orcs
  A butterfly (D:9)
18 creatures vanquished.

Vanquished Creatures (others)
  A wyvern zombie (D:8)
  A kobold zombie (D:9)
  A centaur zombie (D:7)
  An orc wizard (D:6)
  7 killer bee zombies (D:8)
  An acid dragon zombie (D:9)
  A hound zombie (D:5)
  2 gnoll zombies
  3 orc zombies
  3 plants (D:8)
21 creatures vanquished.

Grand Total: 261 creatures vanquished

Notes
Turn   | Place    | Note
-------+----------+-------------------------------------------
     0 | D:1      | MisterFreud the Formicid Gladiator began the quest for the
                  | Orb.
     0 | D:1      | Reached XP level 1. HP: 16/16 MP: 1/1
    92 | D:1      | Reached XP level 2. HP: 9/22 MP: 2/2
   506 | D:1      | Found a faded altar of an unknown god.
   515 | D:1      | Reached skill level 4 in Staves
   515 | D:1      | Reached XP level 3. HP: 27/27 MP: 3/3
  1463 | D:2      | Reached XP level 4. HP: 15/33 MP: 4/4
  2040 | D:2      | Reached skill level 5 in Staves
  2127 | D:2      | Reached XP level 5. HP: 27/38 MP: 5/5
  2527 | D:3      | Found Xepi's Weapon Shop.
  2811 | D:3      | Found a broken altar of Ashenzari.
  2921 | D:3      | Found a glowing golden altar of the Shining One.
  3047 | D:4      | Reached skill level 1 in Armour
  3120 | D:4      | Reached XP level 6. HP: 44/44 MP: 6/6
  3158 | D:4      | Found a radiant altar of Vehumet.
  3188 | D:4      | Found Ugut's Armour Boutique.
  3198 | D:4      | Bought a +0 pair of gloves of hurling for 138 gold pieces
  3368 | D:4      | Noticed an ogre
  3378 | D:4      | Killed an ogre
  3379 | D:4      | Reached skill level 6 in Staves
  3443 | D:4      | Found an opulent altar of Gozag.
  3546 | D:4      | Found a blossoming altar of Fedhas.
  3638 | D:4      | Found a sparkling altar of Nemelex Xobeh.
  3638 | D:4      | Found a basalt altar of Yredelemnul.
  3724 | D:4      | Became a worshipper of Yredelemnul the Dark
  3819 | D:4      | Found a bloodstained altar of Trog.
  3960 | D:4      | Reached * piety under Yredelemnul
  3961 | D:4      | Reached XP level 7. HP: 36/50 MP: 7/7
  4100 | D:4      | You fall into a shaft and drop 2 floors!
  4116 | D:6      | Found a staircase to the Ecumenical Temple.
  4129 | D:5      | Entered Level 5 of the Dungeon
  4129 | D:5      | Noticed Prince Ribbit
  4152 | D:5      | Killed Prince Ribbit
  4233 | D:5      | Reached skill level 5 in Armour
  4236 | D:5      | Reached XP level 8. HP: 53/56 MP: 8/8
  4253 | D:5      | Reached skill level 5 in Throwing
  4286 | D:5      | Noticed Edmund
  4287 | D:5      | Reached ** piety under Yredelemnul
  4302 | D:5      | Killed Edmund
  4323 | D:5      | Reached skill level 5 in Fighting
  4631 | D:5      | Reached skill level 7 in Staves
  4775 | D:5      | Reached skill level 1 in Shields
  4775 | D:5      | Reached XP level 9. HP: 68/68 MP: 9/9
  4866 | D:5      | Identified a scroll of acquirement
  4866 | D:5      | Acquired 1192 gold pieces
  4879 | D:5      | Reached *** piety under Yredelemnul
  5107 | D:6      | Found an ornate altar of the Wu Jian Council.
  5111 | D:6      | Reached skill level 8 in Staves
  5248 | D:6      | Reached skill level 9 in Staves
  5550 | D:6      | Found a shimmering blue altar of Sif Muna.
  5574 | Temple   | Entered the Ecumenical Temple
  5988 | D:7      | Reached skill level 10 in Staves
  5997 | D:7      | Reached skill level 1 in Invocations
  6001 | D:7      | Reached XP level 10. HP: 65/74 MP: 9/12
  6299 | D:8      | Reached skill level 5 in Invocations
  6450 | D:8      | Found a sand-covered staircase.
  6457 | Ossuary  | Entered an ossuary
  6855 | D:8      | Noticed a two-headed ogre
  6866 | D:8      | Killed a two-headed ogre
  6907 | D:8      | Found a sacrificial altar of Ru.
  7089 | D:8      | Reached XP level 11. HP: 69/83 MP: 17/17
  7127 | D:8      | Noticed an elephant
  7679 | D:9      | Found an iron altar of Okawaru.
  7815 | D:9      | Noticed Pikel
  7832 | D:9      | Killed Pikel
  7904 | D:9      | Found a shimmering altar of Xom.
  7945 | D:9      | Identified the +1 plate armour "Bucidih" {Dex+4}
  8099 | D:9      | Your ally Pikel died
  8120 | D:9      | Mangled by a titanic slime creature

Illustrated notes

Levels and vault maps discovered:
D:1:      lemuel_arrival_tunnels, layout_rooms,
          hellmonk_ecumenical_altar_run_dry, serial_forest,
          infiniplex_forest_fountain, infiniplex_forest_straight_3,
          infiniplex_forest_lined_3_way, infiniplex_forest_lined_1,
          infiniplex_forest_end_2, infiniplex_forest_end_2, minmay_pentomino_z4
D:2:      layout_loops_ring, minmay_rat_hole
D:3:      layout_basic, tso_oasis_becter, old_standard_altar, serial_shops,
          nicolae_shop_hallway_stairs, chequers_serial_rivers_micro_d,
          serial_bayou_pond_a
D:4:      minmay_wonky_spiral, layout_loops_ring,
          mainiacjoe_overflow_concentric_impassable, trog_butcher_becter,
          fedhas_altar_decomposition, gammafunk_temple_overflow_elements,
          vehumet_statue, serial_shops, nicolae_shop_crystal,
          ebering_dispersal_statue_hall
D:5:      layout_basic, uniq_edmund, uniq_prince_ribbit1
D:6:      layout_loops_ring, marbit_many_paths,
          nicolae_wu_jian_immortal_techniques,
          minmay_temple_entry_statues_fountains
D:7:      layout_loops_cross, serial_park_tiny_2, hangedman_decor_opposing
D:8:      wad_woods_minihive, layout_loops_ring, mainiacjoe_overflow_boulevard,
          nicolae_ossuary_entry_catacombs
D:9:      layout_irregular_city, okawaru_ov_weapons_minmay, xom_butterflies,
          orc_0_dummy, uniq_pikel, uniq_joseph
Temple:   nicolae_temple_colour_theory

Skill      XL: |  1  2  3  4  5  6  7  8  9 10 11 |
---------------+----------------------------------+-----
Staves         | 4 5 6 7 10 | 10.0
Armour         | 2 3 5 6 8 |  8.3
Throwing       | 3 4 5 |  5.0
Fighting       | 5 6 8 |  8.3
Shields        | 1 4 |  4.0
Invocations    | 3 8 |  8.0
Dodging        | |  2.6

Action                   |  1- 3 |  4- 6 |  7- 9 | 10-12 || total
-------------------------+-------+-------+-------+-------++-------
Melee: Quarterstaff      |    80 |   206 |   211 |   380 ||   877
       Punch             |       |     1 |     1 |       ||     2
Throw: Boomerang         |       |     4 |    23 |       ||    27
 Abil: Shaft Self        |       |       |       |     1 ||     1
  Use: Scroll            |     7 |     3 |     8 |     7 ||    25
 Stab: Sleeping          |     1 |       |       |       ||     1
       Distracted        |       |       |       |     2 ||     2
Armor: Leather armour    |    14 |       |       |       ||    14
       Scale mail        |     5 |    53 |       |       ||    58
       Plate armour      |       |    67 |   103 |   192 ||   362
Dodge: Dodged            |    41 |    76 |    71 |   167 ||   355
Block: Buckler           |       |       |    59 |   175 ||   234
